 Dungeon Crawl Stone Soup version 0.31.0-2-g5a2aebc5c2 (webtiles) character file.

Game seed: 9250584118835620210

290 Esekla the Grave Robber (level 6, -1/72 HPs)
             Began as a Draconian Necromancer on Jan 20, 2024.
             Slain by an orc
             ... wielding a +0 club
              (3 damage)
             ... on level 5 of the Dungeon.
             The game lasted 00:22:10 (3424 turns).

Esekla the Grave Robber (Draconian Necromancer)     Turns: 3424, Time: 00:22:11

Health: -1/72      AC: 23    Str: 13 (16) XL:     6   Next: 9%
Magic:  8/10       EV:  2    Int: 15 (18) God:
Gold:   143        SH:  0    Dex:  9 (11) Spells: 7/11 levels left

rFire   . . .        j - +2 dagger (venom)
rCold   . . .        (no shield)
rNeg    . . .        (body armour unavailable)
rPois   +            (helmet currently unavailable)
rElec   .            (cloak currently unavailable)
rCorr   .            (gloves currently unavailable)
SInv    .            (boots currently unavailable)
Will    .....        (no amulet)
Stlth   ++           k - +6 ring of strength
HPRegen 0.32/turn    (no ring)
MPRegen 0.12/turn

%: no passive effects
@: lethally poisoned (-1 -> -14), tree-form, hasted, very quick
A: stationary, stasis, torment immunity, boosted hp, AC +6, unfitting armour,
(cold-blooded)
a: no special abilities


You were on level 5 of the Dungeon.
You were a tree.
You visited 1 branch of the dungeon, and saw 5 of its levels.

You collected 143 gold pieces.

Inventory:

Hand Weapons
 j - a +2 dagger of venom (weapon)
 r - a +0 spear
 w - a +1 short sword of holy wrath
Missiles
 b - a curare-tipped dart
 o - 4 boomerangs (quivered)
 y - a throwing net
 B - 5 poisoned darts
Jewellery
 k - a +6 ring of strength (left branch)
 A - a ring of fire
Scrolls
 f - 2 scrolls of enchant armour {unknown}
 g - 2 scrolls of amnesia {unknown}
 h - 2 scrolls of identify {unknown}
 n - a scroll of revelation {unknown}
 p - 2 scrolls of teleportation {unknown}
 q - a scroll of poison {unknown}
 x - a scroll of vulnerability {unknown}
Potions
 a - a potion of magic
 d - 2 potions of haste
 e - a potion of brilliance {unknown}
 i - a potion of berserk rage {unknown}
 l - a potion of degeneration
 m - 2 potions of mutation {unknown}
 s - 2 potions of curing {unknown}
 t - a potion of ambrosia {unknown}
 u - a potion of resistance {unknown}
 v - a potion of might {unknown}
 z - a potion of cancellation {unknown}
 C - a potion of attraction {unknown}


   Skills:
 * Level 1.8 Fighting
 + Level 2.0 Short Blades
 + Level 0.2 Throwing
 + Level 2.5 Dodging
 + Level 2.1 Stealth
 * Level 3.2 Spellcasting
 * Level 1.8 Conjurations
 * Level 4.7 Necromancy
 * Level 1.4 Fire Magic


You had 7 spell levels left.
You knew the following spells:

 Your Spells              Type           Power      Damage    Failure   Level
a - Necrotise             Necr           64%        1d7       2%          1
d - Vampiric Draining     Necr           16%        2d7       9%          3

Your spell library contained the following spells:

 Spells                   Type           Power      Damage    Failure   Level
 Animate Dead             Necr           16%        N/A       28%         4
 Inner Flame              Hex/Fire       4%         N/A       41%         3
 Curse of Agony           Necr           16%        N/A       61%         5
 Flame Wave               Conj/Fire      7%         2d5       69%         4
 Sticky Flame             Fire/Alch      4%         2d4       82%         4


Dungeon Overview and Level Annotations

Branches:
Dungeon (5/15)
 Temple: D:4-7

Altars:

Annotations:
D:4 Sigmund


Innate Abilities, Weirdness & Mutations

You are a tree.
Your roots penetrate the ground, keeping you stationary.
You cannot be teleported.
You are immune to unholy pain and torment.
Your maximum health is greatly increased.
Your equipment is partially melded.
((Your plain brown scales are hard. (AC +6)))
You cannot fit into any form of body armour.
((You are cold-blooded and may be slowed by cold attacks.))


Message History

A killer bee comes into view.
The killer bee moves out of view.
You kill the gnoll!
You closely miss the killer bee. The killer bee barely misses you.
You closely miss the killer bee. The killer bee stings you. x2
You closely miss the killer bee.
The killer bee stings you but does no damage. x2
A killer bee comes into view.
The killer bee stings you.
You are poisoned.
The killer bee poisons you!
The killer bee attacks as it pursues you!
The killer bee stings you. The orc barely misses you.
The killer bee stings you.
You are more poisoned.
The killer bee poisons you! The killer bee stings you.
It was a potion of haste.
You feel yourself speed up.
You feel very sick. The killer bee stings you.
You are lethally poisoned!
The killer bee poisons you! The killer bee stings you.
The orc hits you with a +0 club.
* * * LOW HITPOINT WARNING * * *
The killer bee stings you.
* * * LOW HITPOINT WARNING * * *
The killer bee misses you.
You turn into a tree.
Your roots penetrate the ground.
* * * LOW HITPOINT WARNING * * *
You feel very sick.
The killer bee stings you but does no damage. x2
The orc hits you but does no damage.
It was a potion of degeneration.
There was something very wrong with that liquid.
You feel weakened.
You feel dopey.
You feel clumsy.
* * * LOW HITPOINT WARNING * * *
You feel sick.
The killer bee buzzes angrily.
The killer bee stings you but does no damage. x2
The orc hits you with a +0 club.
You die...

##..###....♣#......##
#.PP###♣...##......## ###.♣##
#..♣.#....)..## #.###.P
#....##.......#
...##♣.####...#......##
.........#..........####
...........y.........#.## #
...........oyyy.##......##.#
........#..#♣##..#..........
........#..####..#......#...
........##y####.........####
........).o.##..........#.###
......####..#...##...#......#
.....# ##.....#....#.......
..... #.......>.##......
..... ................. ....
...y.......<.....


You could see 4 killer bees and an orc.

Vanquished Creatures
  A kobold brigand (D:5)
  2 iguanas
  4 gnolls
  3 adders
  6 dart slugs
  An orc (D:2)
  4 endoplasms
  4 giant cockroaches
  7 goblins
  3 hobgoblins
  4 jackals (D:2)
  26 kobolds
  5 quokkas
  11 ball pythons
  8 bats
  A frilled lizard (D:1)
90 creatures vanquished.

Vanquished Creatures (others)
  A kobold (D:5)
1 creature vanquished.

Grand Total: 91 creatures vanquished

Notes
Turn   | Place    | Note
-------+----------+-------------------------------------------
     0 | D:1      | Esekla the Draconian Necromancer began the quest for the
                  | Orb.
     0 | D:1      | Reached XP level 1. HP: 14/14 MP: 3/3
   269 | D:1      | Reached XP level 2. HP: 20/20 MP: 5/5
   638 | D:2      | Reached XP level 3. HP: 17/27 MP: 6/6
   709 | D:1      | Learned a level 3 spell: Vampiric Draining
   963 | D:1      | Reached skill level 1 in Conjurations
  1216 | D:2      | Reached skill level 1 in Short Blades
  1335 | D:2      | Identified the +0 ring mail "Atazun Agai" {^Drain rPois
                  | Int+3}
  1368 | D:2      | Reached skill level 1 in Fighting
  1368 | D:2      | Reached XP level 4. HP: 31/35 MP: 3/7
  1501 | D:3      | Found a faded altar of an unknown god.
  1820 | D:4      | Noticed Sigmund
  2363 | D:4      | Found the +6 shillelagh "Devastator" {shatter}
  2388 | D:4      | Reached XP level 5. HP: 31/40 MP: 5/9
  2728 | D:4      | Noticed an ogre
  2911 | D:5      | Entered Level 5 of the Dungeon
  2924 | D:5      | Reached skill level 1 in Fire Magic
  3206 | D:5      | Reached XP level 6. HP: 22/47 MP: 0/10
  3424 | D:5      | HP: 2/72 [poisoned by a killer bee]
  3424 | D:5      | Slain by an orc

Illustrated notes

Levels and vault maps discovered:
D:1:      minmay_arrival_nine_rooms, layout_basic
D:2:      layout_rooms, ebering_dispersal_statue_hall
D:3:      layout_loops_ring, basic_ecumenical_altar
D:4:      layout_rooms, uniq_duvessa, uniq_sigmund
D:5:      kennysheep_kobold_camp, layout_cave_pools, mainiacjoe_overflow_paths

Skill      XL: |  1  2  3  4  5 |
---------------+----------------+-----
Dodging        | 2 |  2.5
Conjurations   | 1 |  1.8
Short Blades   | 1 2 |  2.0
Fighting       | 1 |  1.8
Stealth        | 2 |  2.1
Fire Magic     | 1 |  1.4
Spellcasting   | 3 |  3.2
Throwing       | |  0.2
Necromancy     | |  4.7

Action                     |  1- 3 |  4- 6 || total
---------------------------+-------+-------++-------
  Melee: Dagger            |   230 |   187 ||   417
         Tailslap          |    16 |    19 ||    35
         Punch             |     1 |     3 ||     4
  Throw: Dart              |     4 |    13 ||    17
         Boomerang         |       |     2 ||     2
   Cast: Vampiric Draining |     3 |    14 ||    17
    Use: Potion            |     1 |     3 ||     4
   Stab: Sleeping          |     4 |     3 ||     7
         Distracted        |     1 |       ||     1
 Armour: Skin              |   133 |   113 ||   246
  Dodge: Dodged            |   130 |    92 ||   222
